 Seeded DCSS version 0.26-a0-682-g294304f6e8 (webtiles) character file.

Game seed: 5544954002654523302 (custom seed)

17595 karrick the Covert (level 12, -3/72 HPs)
             Began as a Gargoyle Gladiator on Oct 21, 2020.
             Was a High Priest of Okawaru.
             Slain by a boulder beetle (9 damage)
             ... on level 13 of the Dungeon.
             The game lasted 00:23:12 (12092 turns).

karrick the Covert (Gargoyle Gladiator)            Turns: 12092, Time: 00:23:12

Health: -3/72      AC: 19    Str: 22    XL:     12   Next: 49%
Magic:  0/12       EV: 13    Int: 14    God:    Okawaru [*****.]
Gold:   815        SH:  6    Dex: 15    Spells: 11/11 levels left

rFire    . . .     SeeInvis .   B - +5 mace of Change {vorpal, rC+ Dex+3}
rCold    + + +     Faith    .   M - +0 buckler
rNeg     + . .     Spirit   +   A - +1 robe of Opat {MR+ Regen+}
rPois    ∞         Reflect  .   W - +2 hat
rElec    +         Harm     .   (no cloak)
rCorr    .         Rampage  .   I - +0 pair of gloves
MR       ++...                  a - +2 pair of boots {Stlth+}
Stlth    +++++++...             O - amulet of guardian spirit
HPRegen  0.62/turn              f - ring of protection from cold
MPRegen  0.13/turn              z - ring "Upehusad" {rC+ MR+ Str+2 Int+3 Stlth+}

@: brilliant
A: negative energy resistance 1, electricity resistance, unbreathing,
petrification resistance, rot immunity, AC +8
a: Heroism, Finesse, Renounce Religion


You were on level 13 of the Dungeon.
You worshipped Okawaru.
Okawaru was extremely pleased with you.
You visited 2 branches of the dungeon, and saw 15 of its levels.

You collected 927 gold pieces.
You spent 112 gold pieces at shops.

Inventory:

Hand Weapons
 j - a +1 dagger of venom
 m - a +2 dagger of holy wrath
 B - the +5 mace of Change (weapon) {vorpal, rC+ Dex+3}
   (You found it on level 4 of the Dungeon)

   It inflicts extra damage upon your enemies.
   It affects your dexterity (+3).
   It protects you from cold.
 P - the +4 hand axe of Qikav {pain, Str-4 Int+6}
   (You found it on level 9 of the Dungeon)

   In the hands of one skilled in necromantic magic, it inflicts extra damage on
   living creatures.
   It affects your strength (-4).
   It affects your intelligence (+6).
 Q - the +10 dark maul {vorpal}
   (You found it on level 9 of the Dungeon)

   It inflicts extra damage upon your enemies.
 S - a cursed +3 morningstar
Missiles
 d - 3 throwing nets (quivered)
 Z - 5 silver javelins
Armour
 a - a +2 pair of boots of stealth (worn)
 A - the +1 robe of Opat (worn) {MR+ Regen+}
   (You found it on level 4 of the Dungeon)

   It affects your resistance to hostile enchantments.
   It increases your rate of regeneration.
 G - a +2 leather armour of poison resistance
 I - a +0 pair of gloves (worn)
 M - a +0 buckler (worn)
 R - a +0 troll leather armour
 W - a +2 hat (worn)
 Y - the +2 robe "Vodoed" {*Corrode rElec Regen+ Stlth+}
   (You found it on level 11 of the Dungeon)

   It insulates you from electricity.
   It increases your rate of regeneration.
   It may corrode you when you take damage.
   It makes you more stealthy.
Jewellery
 f - a ring of protection from cold (left hand)
 s - an uncursed ring of protection from fire
 z - the ring "Upehusad" (right hand) {rC+ MR+ Str+2 Int+3 Stlth+}
   (You found it on level 4 of the Dungeon)

   [ring of protection from cold]

   It affects your strength (+2).
   It affects your intelligence (+3).
   It protects you from cold.
   It affects your resistance to hostile enchantments.
   It makes you more stealthy.
 F - an uncursed ring of resist corrosion
 H - an uncursed ring of wizardry
 O - an amulet of guardian spirit (around neck)
 X - an uncursed amulet of magic regeneration
Wands
 c - a wand of disintegration (15)
 E - a wand of polymorph (8)
 N - a wand of random effects (41)
 U - a wand of iceblast (13)
Scrolls
 b - 2 scrolls of magic mapping {unknown}
 e - 2 scrolls of enchant weapon {unknown}
 h - 8 scrolls of remove curse
 i - 2 scrolls of blinking {unknown}
 k - 6 scrolls of teleportation
 o - 9 scrolls of identify
 r - 2 scrolls of fog {unknown}
 t - 3 scrolls of noise {unknown}
 v - 2 scrolls of random uselessness {unknown}
 w - a scroll of summoning {unknown}
 x - a scroll of amnesia {unknown}
 T - a scroll of enchant armour {unknown}
 V - a scroll of fear {unknown}
Potions
 g - 2 potions of lignification {unknown}
 l - 2 potions of heal wounds {unknown}
 n - a potion of flight {unknown}
 p - 4 potions of brilliance
 q - 5 potions of stabbing {unknown}
 u - 2 potions of invisibility {unknown}
 C - 4 potions of curing
 D - a potion of might {unknown}
 J - 2 potions of berserk rage {unknown}
 K - 3 potions of mutation {unknown}
 L - a potion of cancellation {unknown}


   Skills:
 + Level 7.6 Fighting
 - Level 5.0 Short Blades
 + Level 11.1 Maces & Flails
 - Level 1.7 Throwing
 * Level 8.4 Armour
 - Level 2.4 Dodging
 * Level 12.4 Stealth
 * Level 7.0 Shields
 + Level 0.9 Invocations


You had 11 spell levels left.
You didn't know any spells.
Your spell library contained the following spells:

 Spells                   Type           Power        Failure   Level
 Animate Skeleton         Necr           #.....       28%         1
 Apportation              Tloc           #.....       28%         1
 Beastly Appendage        Tmut           #.....       28%         1
 Corona                   Hex            #......      28%         1
 Pain                     Necr           #...         28%         1
 Summon Small Mammal      Summ           #...         28%         1
 Wereblood                Tmut           #.......     41%         2
 Spider Form              Tmut/Pois      #.........   65%         3
 Vampiric Draining        Necr           #.........   65%         3
 Animate Dead             Necr           #.........   96%         4
 Ice Form                 Ice/Tmut       #.......     96%         4
 Agony                    Necr           #.......     100%        5
 Blade Hands              Tmut           #.........   100%        5


Dungeon Overview and Level Annotations

Branches:
Dungeon (14/15)            Temple (1/1) D:5            Lair (0/6) D:8
    Orc (0/2) D:12         Vaults (0/5) D:13

Altars:
Ashenzari
Cheibriados
Dithmenos
Elyvilon
Fedhas
Gozag
Hepliaklqana
Kikubaaqudgha
Makhleb
Nemelex Xobeh
Okawaru
Qazlal
Ru
Sif Muna
Trog
Uskayaw
Vehumet
Wu Jian
Xom
Yredelemnul
Zin
The Shining One

Shops:
D:6 ?   D:7 }   D:8 ==*   D:10 (

Annotations:
D:3 3 runed translucent doors, rz's ghost, amateur DDIE
D:10 Gastronok


Innate Abilities, Weirdness & Mutations

You are resistant to torment.
Your stone body is resilient. (AC +8)
You are immune to poison.
You resist negative energy. (rN+)
You are resistant to electric shocks. (rElec)
You can survive without breathing.
You are immune to petrification.
You are immune to rotting.


Message History

The boulder beetle stops rolling and uncurls.
You hit the boulder beetle but do no damage.
The boulder beetle is severely wounded.
The boulder beetle bites you.
You hit the boulder beetle but do no damage.
The boulder beetle is severely wounded.
The boulder beetle bites you!
* * * LOW HITPOINT WARNING * * *
You sock the boulder beetle!
The boulder beetle is almost dead.
You feel better.
The boulder beetle bites you but does no damage.
You barely miss the boulder beetle.
The boulder beetle is almost dead.
The boulder beetle bites you!
* * * LOW HITPOINT WARNING * * *
You hit the boulder beetle but do no damage.
The boulder beetle is almost dead.
The boulder beetle bites you!
You die...

.##..#.# #.##.##
.......####.#...####
............B......+
J.##.#######....####
J.J...†.# #.#.##
.###.##.# ##.###
.###.##.# #...####
.....##.# #....B.#
.######.# #...##@#
........# ######.#
.######## #.# .#
###.##..# .#
#..(....# . ####
#.#.##..##.. ...#
#.#... ../.. ...#
#.####...... '#####
#......####


You could see a boulder beetle.

Vanquished Creatures
  Erolcha (D:10)
  A boulder beetle (D:11)
  4 two-headed ogres
  A tengu warrior (D:12)
  An unseen horror (D:12)
  2 necromancers (D:13)
  An ugly thing (D:8)
  A deep elf mage (D:12)
  A cyclops (D:12)
  2 manticores
  2 gargoyles
  5 trolls
  A wind drake (shapeshifter) (D:13)
  2 slime creatures (D:13)
  Sigmund (D:4)
  2 wyverns
  A shadow (D:11)
  4 yaks (D:11)
  Eustachio (D:5)
  A basilisk (D:6)
  A soldier ant (D:11)
  A sky beast (D:5)
  4 ice beasts
  2 black bears
  2 orc warriors
  A phantom (D:10)
  5 ogres
  6 centaurs
  4 big kobolds
  8 bullfrogs
  A gnoll sergeant (D:8)
  A wyvern zombie (D:12)
  A wyvern skeleton (D:6)
  3 scorpions
  A water moccasin skeleton (D:7)
  8 wights
  6 howler monkeys
  3 centaur zombies
  A bullfrog skeleton (D:4)
  A bullfrog zombie (D:5)
  5 hounds
  3 orc priests
  2 centaur skeletons
  6 jellies
  5 orc wizards
  4 iguanas
  Natasha (thrice) (D:4)
  10 worker ants
  A hound zombie (D:6)
  2 hound skeletons
  2 worker ant zombies
  A howler monkey skeleton (D:4)
  5 gnolls
  18 adders
  4 shadow imps
  2 white imps
  4 ufetubi
  An ooze (D:2)
  An adder zombie (D:9)
  3 worms
  A dart slug (D:1)
  7 leopard geckos
  23 orcs
  A giant cockroach (D:1)
  12 hobgoblins
  3 jackals (D:1)
  32 kobolds
  3 quokkas
  2 ball pythons
  4 bats
  4 frilled lizards
  9 goblins
  9 rats
287 creatures vanquished.

Vanquished Creatures (others)
  An orc (D:8)
1 creature vanquished.

Grand Total: 288 creatures vanquished

Notes
Turn   | Place    | Note
-------+----------+-------------------------------------------
     0 | D:1      | karrick the Gargoyle Gladiator began the quest for the Orb.
     0 | D:1      | Reached XP level 1. HP: 12/12 MP: 1/1
   312 | D:1      | Reached XP level 2. HP: 14/17 MP: 2/2
   523 | D:1      | Reached skill level 1 in Stealth
   523 | D:1      | Reached XP level 3. HP: 19/22 MP: 3/3
   754 | D:1      | Reached skill level 1 in Armour
  1213 | D:2      | Reached XP level 4. HP: 17/27 MP: 4/4
  1338 | D:2      | Reached skill level 2 in Stealth
  2067 | D:3      | Found a runed translucent gate.
  2067 | D:3      | Found a runed translucent gate.
  2067 | D:3      | Found a runed translucent gate.
  2068 | D:3      | Found an opulent altar of Gozag.
  2069 | D:3      | Noticed rz's ghost (amateur DDIE)
  2105 | D:3      | Reached XP level 5. HP: 28/32 MP: 5/5
  2802 | D:4      | Noticed Sigmund
  2805 | D:4      | Found a shadowy altar of Dithmenos.
  2818 | D:4      | Killed Sigmund
  2818 | D:4      | Reached skill level 3 in Stealth
  2818 | D:4      | Reached XP level 6. HP: 20/37 MP: 6/6
  2996 | D:4      | Noticed Natasha
  3013 | D:4      | Reached skill level 4 in Stealth
  3023 | D:3      | Reached XP level 7. HP: 33/41 MP: 7/7
  3218 | D:4      | Killed Natasha
  3365 | D:4      | Got a wavering bone ring
  3370 | D:4      | Identified the ring "Upehusad" {rC+ MR+ Str+2 Int+3 Stlth+}
                  | (You found it on level 4 of the Dungeon)
  3430 | D:4      | Reached skill level 5 in Short Blades
  3479 | D:4      | Noticed Natasha
  3487 | D:4      | Killed Natasha
  3489 | D:4      | Got a slimy robe
  3500 | D:4      | Identified the +1 robe of Opat {MR+ Regen+} (You found it
                  | on level 4 of the Dungeon)
  3576 | D:4      | Got an iridescent mace
  3577 | D:4      | Identified the +5 mace of Change {vorpal, rC+ Dex+3} (You
                  | found it on level 4 of the Dungeon)
  3591 | D:4      | Found a stormy altar of Qazlal.
  3695 | D:4      | Found a glowing golden altar of the Shining One.
  3695 | D:4      | Found a snail-covered altar of Cheibriados.
  3734 | D:4      | Noticed Natasha
  3740 | D:4      | Killed Natasha
  3798 | D:5      | Entered Level 5 of the Dungeon
  3815 | D:5      | Reached skill level 5 in Stealth
  3876 | D:5      | Reached skill level 1 in Maces & Flails
  3945 | D:5      | Reached XP level 8. HP: 45/48 MP: 8/8
  3988 | D:5      | Reached skill level 6 in Stealth
  4114 | D:5      | Found a sparkling altar of Nemelex Xobeh.
  4141 | D:5      | Found an ornate altar of the Wu Jian Council.
  4167 | D:5      | Found a staircase to the Ecumenical Temple.
  4208 | Temple   | Entered the Ecumenical Temple
  4406 | Temple   | Became a worshipper of Warmaster Okawaru
  4462 | D:5      | Noticed Eustachio
  4504 | D:5      | Killed Eustachio
  4536 | D:5      | Found a hazy altar of Hepliaklqana.
  4781 | D:6      | Found Xeffith's Magic Scroll Shop.
  4787 | D:6      | Bought a scroll of teleportation for 42 gold pieces
  4787 | D:6      | Bought a scroll of identify for 28 gold pieces
  4787 | D:6      | Bought a scroll of remove curse for 42 gold pieces
  5067 | D:6      | Reached skill level 5 in Maces & Flails
  5199 | D:6      | Noticed a hornet
  5206 | D:6      | a hornet changed into a basilisk
  5209 | D:6      | HP: 1/48 [basilisk (15)]
  5382 | D:6      | Reached skill level 7 in Stealth
  5467 | D:7      | Found an opulent altar of Gozag.
  5474 | D:7      | Reached XP level 9. HP: 52/52 MP: 9/9
  5493 | D:7      | Reached * piety under Okawaru
  5522 | D:7      | Found Citzanoz's Gadget Boutique.
  5668 | D:7      | Found a shadowy altar of Dithmenos.
  5920 | D:8      | Found Bifeimp's Jewellery Shoppe.
  5950 | D:8      | Noticed a green ugly thing
  5978 | D:8      | Killed a green ugly thing
  5978 | D:8      | Reached ** piety under Okawaru
  5978 | D:8      | Reached skill level 8 in Stealth
  6093 | D:8      | Found a staircase to the Lair.
  6231 | D:8      | Found Ytruineo's Jewellery Shoppe.
  6256 | D:8      | Found Bemuogef's General Store.
  6261 | D:8      | Reached skill level 5 in Fighting
  6278 | D:8      | Reached skill level 5 in Armour
  6440 | D:8      | Reached skill level 1 in Shields
  6660 | D:9      | Found the +10 dark maul {vorpal}
  6663 | D:9      | Got a crude hand axe
  6674 | D:9      | Identified the +4 hand axe of Qikav {pain, Str-4 Int+6}
                  | (You found it on level 9 of the Dungeon)
  6724 | D:9      | Reached skill level 9 in Stealth
  6729 | D:9      | Reached XP level 10. HP: 54/59 MP: 10/10
  6794 | D:9      | Reached *** piety under Okawaru
  7230 | D:9      | Found a blossoming altar of Fedhas.
  7491 | D:9      | Noticed a two-headed ogre
  7501 | D:9      | Killed a two-headed ogre
  7501 | D:9      | Reached **** piety under Okawaru
  8027 | D:10     | Entered Level 10 of the Dungeon
  8210 | D:10     | Found Noaklil's Weapon Boutique.
  8381 | D:10     | Noticed Gastronok
  8519 | D:10     | Noticed Erolcha
  8535 | D:10     | Killed Erolcha
  8535 | D:10     | Reached skill level 10 in Stealth
  8927 | D:11     | Reached XP level 11. HP: 62/64 MP: 11/11
  9088 | D:11     | Got a dull robe
  9099 | D:11     | Identified the +2 robe "Vodoed" {*Corrode rElec Regen+
                  | Stlth+} (You found it on level 11 of the Dungeon)
  9127 | D:11     | Noticed a two-headed ogre
  9134 | D:11     | Killed a two-headed ogre
  9189 | D:11     | Noticed a two-headed ogre
  9198 | D:11     | Killed a two-headed ogre
  9198 | D:11     | Reached ***** piety under Okawaru
  9211 | D:11     | Reached skill level 11 in Stealth
  9268 | D:11     | Noticed a boulder beetle
  9296 | D:11     | Received a gift from Okawaru
  9534 | D:11     | Reached skill level 10 in Maces & Flails
  9704 | D:12     | Noticed a deep elf mage
  9717 | D:12     | Killed a deep elf mage
  9717 | D:12     | Reached skill level 5 in Shields
  9804 | D:12     | Noticed a cyclops
  9853 | D:12     | Noticed a tengu warrior
  9890 | D:12     | Noticed a manticore
  9902 | D:12     | Killed a manticore
 10114 | D:12     | Found a staircase to the Orcish Mines.
 10311 | D:12     | Killed a tengu warrior
 10413 | D:12     | Killed an unseen horror
 10413 | D:12     | Received a gift from Okawaru
 10413 | D:12     | Reached XP level 12. HP: 60/72 MP: 8/12
 10984 | D:11     | Killed a boulder beetle
 10984 | D:11     | Reached skill level 12 in Stealth
 11544 | D:13     | Noticed a two-headed ogre
 11694 | D:14     | Killed a two-headed ogre
 11818 | D:13     | Found a gate to the Vaults.
 11964 | D:13     | Noticed a boulder beetle
 12092 | D:13     | Slain by a boulder beetle

Illustrated notes

Levels and vault maps discovered:
D:1:      noname_arrival_rooms_in_the_neighbourhood, layout_basic
D:2:      layout_basic
D:3:      kb_forest_paths, layout_basic, ebering_ghost_gozag, grunt_ministairs_9
D:4:      layout_basic, grunt_qazlal_sundering, gammafunk_temple_overflow_pools,
          minivault_25, grunt_dithmenos_smoke, uniq_sigmund, uniq_natasha
D:5:      layout_cave_pools, lemuel_crystal_altar, lemuel_crystal_altar,
          kennysheep_little_box, temple_doors_ab, uniq_eustachio
D:6:      layout_loops_ring, serial_shops, shop
D:7:      layout_basic, serial_shops, nicolae_shop_crystal, basic_altar,
          grunt_gozag_statues
D:8:      layout_loops_ring, lair_entry_dummy, serial_shops, shop,
          nicolae_shop_trees, shop
D:9:      layout_basic, kennysheep_mini_moat
D:10:     layout_loops_ring, serial_shops, shop, minivault_25, uniq_gastronok,
          uniq_erolcha
D:11:     layout_roguey
D:12:     layout_basic, orc_0_dummy
D:13:     layout_loops_corners, david_vaults_1, uniq_frances
D:14:     layout_loops_ring, glass_columns_c
Temple:   regret_index_temple_generic_petals

Skill      XL: |  1  2  3  4  5  6  7  8  9 10 11 12 |
---------------+-------------------------------------+-----
Short Blades   | 3 4 5 |  5.0
Stealth        | 1 2 3 4 5 7 9 10 11 12 | 12.4
Armour         | 1 2 3 5 6 7 8 |  8.4
Fighting       | 3 4 5 6 7 |  7.6
Maces & Flails | 1 5 7 9 10 11 | 11.1
Shields        | 1 4 5 7 |  7.0
Throwing       | |  1.7
Dodging        | |  2.4
Invocations    | |  0.9

Action                   |  1- 3 |  4- 6 |  7- 9 | 10-12 || total
-------------------------+-------+-------+-------+-------++-------
Melee: Rapier            |    73 |       |       |       ||    73
       Dagger            |    43 |   168 |    65 |       ||   276
       Mace              |       |       |   297 |   612 ||   909
Invok: Heroism           |       |       |     1 |    10 ||    11
Evoke: Wand              |       |       |     1 |     3 ||     4
  Use: Scroll            |       |       |     1 |     3 ||     4
       Potion            |       |       |       |     3 ||     3
 Stab: Sleeping          |     1 |     5 |    21 |    23 ||    50
       Distracted        |       |       |     1 |     5 ||     6
Armor: Leather armour    |    46 |    44 |    26 |       ||   116
       Robe              |       |       |   166 |   178 ||   344
Dodge: Dodged            |    66 |    73 |   345 |   275 ||   759
Block: Buckler           |       |       |     4 |   112 ||   116

Table legend: (Time is in decaauts)
 A = Elapsed time spent in this place.
 B = Non-inter-level travel time spent in this place.
 C = Inter-level travel time spent in this place.
 D = Time resting spent in this place.
 E = Time spent auto-exploring this place.
 F = Levels seen in this place.
 G = Mean time per level.
                   A        B        C        D        E       F      G
               +--------+--------+--------+--------+--------+-----+--------+
         Total |  12013 |  11684 |    329 |   1336 |   7449 |  15 |  800.9 |
       Dungeon |  11797 |  11501 |    296 |   1336 |   7269 |  14 |  842.6 |
        Temple |    215 |    182 |     33 |      0 |    180 |   1 |  215.0 |
               +--------+--------+--------+--------+--------+-----+--------+

Top non-repeatable levels by time:
     D:9: 1397 daAuts
    D:12: 1343 daAuts
     D:1: 1134 daAuts
    D:11: 965 daAuts
     D:3: 958 daAuts
     D:2: 828 daAuts
     D:4: 827 daAuts
    D:10: 771 daAuts
     D:6: 764 daAuts
    D:13: 760 daAuts
     D:5: 721 daAuts
     D:8: 675 daAuts
     D:7: 520 daAuts
  Temple: 215 daAuts
    D:14: 128 daAuts
